 Dungeon Crawl Stone Soup version 0.31-a0-277-g31ea1f65cc (webtiles) character file.

Game seed: 17155339578060304243

439 mopl the Changeling (level 7, -4/63 (69) HPs)
             Began as an Octopode Shapeshifter on July 15, 2023.
             Was an Initiate of Okawaru.
             Slain by Edmund
             ... wielding a +6 flail of draining
              (10 damage)
             ... on level 5 of the Dungeon.
             The game lasted 00:03:46 (2976 turns).

mopl the Changeling (Octopode Shapeshifter)         Turns: 2976, Time: 00:03:47

HP:   -4/63 (69)    AC: 23    Str: 14    XL:     7   Next: 1%
MP:   8/8           EV:  2    Int: 11    God:    Okawaru [......]
Gold: 270           SH:  5    Dex: 14    Spells: 6/6 levels left

rFire   . .          .
                       - Unarmed
rCold   . . .        (no shield)
rNeg    . . .        (helmet currently unavailable)
rPois   +            x - amulet of reflection
rElec   .            g - +5 ring of evasion
rCorr   .            (no ring)
SInv    .            (no ring)
Will    .....        (no ring)
Stlth   +            (no ring)
HPRegen 0.30/turn    (no ring)
MPRegen 0.11/turn    (no ring)
                     (no ring)

%: reflection
@: tree-form, drained
A: stationary, stasis, torment immunity, boosted hp, almost no armour,
(amphibious), 8 rings, (camouflage 1), (gelatinous body 1), (nimble swimmer 1),
(tentacles)
a: Renounce Religion


You were on level 5 of the Dungeon.
You worshipped Okawaru.
Okawaru was noncommittal.
You were a tree.
You visited 1 branch of the dungeon, and saw 6 of its levels.

You collected 270 gold pieces.

Inventory:

Missiles
 e - 5 poisoned darts
 y - a boomerang
Jewellery
 g - a +5 ring of evasion (left branch)
 x - an amulet of reflection (around neck)
Talismans
 b - a beast talisman
Scrolls
 d - 2 scrolls of teleportation {unknown}
 f - a scroll of immolation {unknown}
 h - 2 scrolls of vulnerability {unknown}
 i - a scroll of noise {unknown}
 j - a scroll of silence {unknown}
 k - 3 scrolls of enchant armour {unknown}
 n - a scroll of enchant weapon {unknown}
 p - 2 scrolls of blinking {unknown}
 s - 2 scrolls of identify {unknown}
 u - a scroll of butterflies {unknown}
 v - a scroll of revelation {unknown}
 z - a scroll of poison {unknown}
Potions
 a - a potion of lignification {!q}
 c - a potion of resistance {unknown}
 l - a potion of ambrosia {unknown}
 m - a potion of degeneration {unknown}
 o - 2 potions of enlightenment {unknown}
 q - a potion of curing {unknown}
 r - 2 potions of cancellation {unknown}
 t - a potion of magic {unknown}
 w - a potion of mutation {unknown}


   Skills:
 + Level 3.3 Fighting
 + Level 3.3 Dodging
 * Level 4.3 Unarmed Combat
 + Level 1.5 Invocations
 * Level 4.4 Shapeshifting


You had 6 spell levels left.
You didn't know any spells.
Your spell library contained the following spells:

 Spells                   Type           Power      Damage    Failure   Level
 Apportation              Tloc           0%         N/A       34%         1
 Magic Dart               Conj           0%         1d3       34%         1
 Necrotise                Necr           0%         1d4       34%         1
 Sandblast                Erth           0%         2d4       34%         1
 Sting                    Tmut/Pois      0%         1d3       34%         1
 Passwall                 Tmut/Erth      0%         N/A       47%         2
 Poisonous Vapours        Pois/Air       0%         N/A       47%         2
 Mephitic Cloud           Conj/Pois/Air  0%         N/A       71%         3
 Stone Arrow              Conj/Erth      0%         3d7       71%         3
 Cause Fear               Hex            0%         N/A       98%         4
 Olgreb's Toxic Radiance  Pois           0%         N/A       98%         4
 Fireball                 Conj/Fire      0%         3d3       100%        5
 Orb of Destruction       Conj           0%         9d5       100%        7
 Summon Small Mammal      Summ           Unusable   N/A       N/A         1
 Call Imp                 Summ           Unusable   N/A       N/A         2
 Summon Guardian Golem    Hex/Summ       Unusable   N/A       N/A         3
 Spellforged Servitor     Conj/Summ      Unusable   N/A       N/A         7
 Dragon's Call            Summ           Unusable   N/A       N/A         9

Dungeon Overview and Level Annotations

Branches:
Dungeon (6/15)             Temple (0/1) D:4

Altars:
Ashenzari
Okawaru
Wu Jian
The Shining One

Shops:
D:4 *

Annotations:
D:5 Edmund


Innate Abilities, Weirdness & Mutations

You are a tree.
Your roots penetrate the ground, keeping you stationary.
You cannot be teleported.
You are immune to unholy pain and torment.
Your maximum health is greatly increased.
You cannot wear most types of armour.
((You are amphibious.))
You can wear up to eight rings at the same time.
((Your skin changes colour to match your surroundings (Stealth+).))
((Your rubbery body absorbs attacks. (AC +1, EV +1)))
((You are camouflaged when in or above water. (Stealth+)))
((You have tentacles for arms and can constrict up to eight enemies at once.))


Message History

Reactivating autopickup.
You feel a bit more experienced.
You have reached level 7!
Things that are here:
a hound corpse; a bullfrog corpse; a hound corpse You start resting.
A scorpion comes into view.
Things that are here:
a hound corpse; a bullfrog corpse; a hound corpse
Found a stone staircase leading down.
You see here a sky beast corpse.
Found a ring mail.
Edmund the Younger comes into view.
He is wielding a +6 flail of draining.
Found a potion of lignification.
Edmund shouts!
You hear a shout!
Found a viscous grey potion.
There is a stone staircase leading down here.
You climb downwards.
There is a stone staircase leading up here.
You start resting.
HP restored.
You climb upwards.
Level annotation: Edmund Edmund hits you with a +6 flail of draining!
You feel drained.
Edmund says, "You wouldn't believe how much I paid for this flail."
Edmund hits you with a +6 flail of draining!!
* * * LOW HITPOINT WARNING * * *
You feel drained.
* * * LOW HITPOINT WARNING * * *
There is a stone staircase leading down, spattered with blood here.
Okay, then.
Okay, then.
Really quaff
a - 2 potions of lignification {!q}?
Really quaff the potion of lignification?
Your transformation has ended.
You turn into a tree.
Your roots penetrate the ground.
Edmund says, "What use are spells, anyway?"
Edmund hits you with a +6 flail of draining!
You die...

.....!...###..## ......
.....[.......... ...
.#.#..
...............###..#
#..##
................#...# .#
................#...#
..##.........##.....###
!......................
########......$......##
#### #......@♣.......
..<######†.......#...###
##s....†.........# ..#
########........# .#
#........# # #........#
#........# ##########


You could see Edmund.

Vanquished Creatures
  A sky beast (D:5)
  A bullfrog (D:5)
  2 hounds (D:5)
  An iguana (D:5)
  8 adders
  3 gnolls (D:2)
  2 worms
  2 dart slugs
  9 orcs
  5 bats
  4 endoplasms
  2 giant cockroaches
  6 goblins
  4 hobgoblins
  3 jackals (D:2)
  4 quokkas
  9 ball pythons
  5 frilled lizards
  9 kobolds
  6 rats
86 creatures vanquished.

Notes
Turn   | Place    | Note
-------+----------+-------------------------------------------
     0 | D:1      | mopl the Octopode Shapeshifter began the quest for the Orb.
     0 | D:1      | Reached XP level 1. HP: 14/14 MP: 1/1
   293 | D:1      | Found a faded altar of an unknown god.
   300 | D:1      | Prayed at the altar of an unknown god.
   300 | D:1      | Became a worshipper of the Shining One
   300 | D:1      | Reached * piety under the Shining One
   384 | D:1      | Reached XP level 2. HP: 12/19 MP: 2/2
   870 | D:2      | Reached XP level 3. HP: 21/24 MP: 3/3
  1074 | D:2      | Reached XP level 4. HP: 30/30 MP: 4/4
  1091 | D:2      | Reached skill level 3 in Unarmed Combat
  1231 | D:3      | Found an iron altar of Okawaru.
  1236 | D:3      | Reached XP level 5. HP: 35/35 MP: 5/5
  1271 | D:3      | Reached ** piety under the Shining One
  1328 | D:3      | Found a broken altar of Ashenzari.
  2033 | D:3      | Fell from the grace of the Shining One
  2033 | D:3      | Became a worshipper of Warmaster Okawaru
  2102 | D:4      | Found Tavoem's Mayhem Merchandise.
  2170 | D:4      | Found an ornate altar of the Wu Jian Council.
  2262 | D:4      | Reached skill level 4 in Shapeshifting
  2483 | D:4      | Found a staircase to the Ecumenical Temple.
  2720 | D:5      | Entered Level 5 of the Dungeon
  2754 | D:4      | Reached skill level 3 in Dodging
  2754 | D:4      | Reached XP level 6. HP: 19/41 MP: 6/6
  2845 | D:5      | Reached skill level 3 in Fighting
  2850 | D:5      | Reached skill level 4 in Unarmed Combat
  2850 | D:5      | Reached skill level 1 in Invocations
  2850 | D:5      | Noticed a sky beast
  2864 | D:5      | Killed a sky beast
  2865 | D:5      | Reached XP level 7. HP: 16/46 MP: 6/8
  2876 | D:5      | Noticed Edmund
  2976 | D:5      | Slain by Edmund

Illustrated notes

Levels and vault maps discovered:
D:1:      lemuel_arrival_hallway, layout_loops_corners,
          shapermc_ecumenical_altar_notcrosses
D:2:      layout_rooms
D:3:      layout_basic, cheibrodos_ashenzari_chains,
          mainiacjoe_overflow_tiny_flanked, fountainhead,
          chequers_serial_rivers_micro_e, nicolae_houndstooth_variations
D:4:      layout_gridville, nzn_wu_jian_contemplation, temple_doors_e,
          minmay_shop_mayhem
D:5:      layout_rooms, uniq_edmund
D:6:      layout_loops_ring, serial_shops, shop, uniq_duvessa

Skill      XL: |  1  2  3  4  5  6 |
---------------+-------------------+-----
Unarmed Combat | 3 4 |  4.3
Shapeshifting  | 4 |  4.4
Dodging        | 3 |  3.3
Fighting       | 3 |  3.3
Invocations    | 1 |  1.5

Action                     |  1- 3 |  4- 6 |  7- 9 || total
---------------------------+-------+-------+-------++-------
  Melee: Unarmed           |    55 |    93 |       ||   148
         Tentacles         |    12 |    23 |       ||    35
         Constrict         |    15 |    30 |       ||    45
         Punch             |     1 |     4 |       ||     5
    Use: Potion            |       |       |     1 ||     1
   Stab: Sleeping          |     2 |     3 |       ||     5
  Dodge: Dodged            |    39 |    54 |       ||    93
  Block: Other             |       |     4 |       ||     4

Table legend: (Time is in decaauts)
 A = Elapsed time spent in this place.
 B = Non-inter-level travel time spent in this place.
 C = Inter-level travel time spent in this place.
 D = Time resting spent in this place.
 E = Time spent auto-exploring this place.
 F = Levels seen in this place.
 G = Mean time per level.
                   A        B        C        D        E       F      G
               +--------+--------+--------+--------+--------+-----+--------+
         Total |   2965 |   2906 |     59 |    224 |   2169 |   6 |  494.2 |
       Dungeon |   2965 |   2906 |     59 |    224 |   2169 |   6 |  494.2 |
               +--------+--------+--------+--------+--------+-----+--------+

Top non-repeatable levels by time:
     D:3: 816 daAuts
     D:1: 813 daAuts
     D:4: 754 daAuts
     D:2: 412 daAuts
     D:6: 87 daAuts
     D:5: 81 daAuts
